 Dungeon Crawl Stone Soup version 0.20.1-1-g8b1a95d (console) character file.

14 hilaritas the Sneak (level 2, -8/19 HPs)
             Began as a Vampire Enchanter on Jan 26, 2018.
             Mangled by a gnoll
             ... wielding a +0 halberd
              (15 damage)
             ... on level 1 of the Dungeon.
             The game lasted 00:02:10 (726 turns).

hilaritas the Sneak (Vampire Enchanter)              Turns: 726, Time: 00:02:11

Health: -8/19      AC:  2    Str:  7    XL:     2   Next: 27%
Magic:  4/5        EV: 12    Int: 17    God:
Gold:   38         SH:  0    Dex: 14    Spells: 2/5 levels left

rFire    . . .     SeeInvis +   a - +1 dagger
rCold    . . .     Gourm    .   (no shield)
rNeg     + . .     Faith    .   b - +0 robe
rPois    .         Spirit   .   (no helmet)
rElec    .         Reflect  .   (no cloak)
rCorr    .         Harm     .   (no gloves)
MR       .....                  (no boots)
Stlth    +++.......             (no amulet)
Regen    0.1/turn               (no ring)
MPRegen  0.1/turn               (no ring)

@: no status effects
A: fangs 3, see invisible, unbreathing
a: no special abilities


You were on level 1 of the Dungeon.
You were not thirsty.

You visited 1 branch of the dungeon, and saw 1 of its levels.

You collected 38 gold pieces.

Inventory:

Hand Weapons
 a - a +1 dagger (weapon)
Missiles
 g - 14 arrows
Armour
 b - a +0 robe (worn)
Potions
 d - 5 potions of blood
 e - a potion of heal wounds
 f - 2 potions of curing
 i - a potion of mutation
 j - a potion of magic
Books
 c - a book of Maledictions

   Spells                             Type                      Level
   a - Corona                         Hexes                        1
   b - Ensorcelled Hibernation        Hexes/Ice                    2
   c - Confuse                        Hexes                        3
   d - Tukima's Dance                 Hexes                        3
   e - Dazzling Spray                 Conjuration/Hexes            3


   Skills:
 * Level 2.0 Short Blades
 - Level 2.1 Dodging
 + Level 5.0 Stealth
 - Level 2.0 Spellcasting
 - Level 4.4 Hexes


You had 2 spell levels left.
You knew the following spells:

 Your Spells              Type           Power        Failure   Level  Hunger
a - Corona                Hex            ###....      3%          1    #......
b - Ensorcelled Hibernat  Hex/Ice        #.....       12%         2    ###....


Dungeon Overview and Level Annotations

Branches:
Dungeon (1/15)

Altars:


Innate Abilities, Weirdness & Mutations

You have razor-sharp teeth.
You have supernaturally acute eyesight. (SInv)
You can survive without breathing.


Message History

Aim: a gnoll, wielding a halberd (chance to defeat MR: 62%)
The gnoll struggles to resist.
The gnoll hits you with a halberd.
You hit the gnoll.
The gnoll is lightly wounded.
The gnoll misses you.
You hit the gnoll but do no damage.
The gnoll is lightly wounded.
The gnoll closely misses you.
You hit the gnoll but do no damage. Your bite misses the gnoll.
The gnoll is lightly wounded.
You hit the gnoll but do no damage.
The gnoll is lightly wounded.
The gnoll hits you with a halberd!
Ouch! That really hurt!
You hit the gnoll but do no damage.
The gnoll is lightly wounded.
The gnoll hits you with a halberd!
Ouch! That really hurt!
You die...

##..# #...#...... #..#
#...#......
##.#####.#...... #..#
#.# #..## #.#
#########...# #.#
#.).......#.###.#
#.##.....##..##'###
#.##.....###.#....#
#.#......'...#....#
#.#...@g.##.......#
#.#.#######.#.....#
#.#.# #.#.....####
#.#.# #.......'..#
#.#.# #.##.....##.#
#.#.# #.##...#.##.#
#.#.# #.##..>#.##.#
#.#.. ..##.###.##.#
#.# #.##.# #.##.#
#.########.##.###.##.#
#...............#.##.#


You could see a gnoll.

Vanquished Creatures
  A dart slug (D:1)
  A giant cockroach (D:1)
  A goblin (D:1)
  3 hobgoblins (D:1)
  A kobold (D:1)
  2 bats (D:1)
  A frilled lizard (D:1)
  A rat (D:1)
11 creatures vanquished.

Notes
Turn   | Place    | Note
-------+----------+-------------------------------------------
     0 | D:1      | hilaritas the Vampire Enchanter began the quest for the Orb.
     0 | D:1      | Reached XP level 1. HP: 13/13 MP: 3/3
     2 | D:1      | Noticed a dwarf
     2 | D:1      | Noticed a demigod
     4 | D:1      | Noticed a troll
     4 | D:1      | Noticed a naga
     6 | D:1      | Noticed a merfolk
     6 | D:1      | Noticed a halfling
     8 | D:1      | Noticed a demonspawn
     8 | D:1      | Noticed a tengu
    10 | D:1      | Noticed a vampire
    10 | D:1      | Noticed an elf
    12 | D:1      | Noticed a formicid
    12 | D:1      | Noticed a minotaur
    14 | D:1      | Noticed a draconian
    14 | D:1      | Noticed a gargoyle
    16 | D:1      | Noticed a ghoul
    16 | D:1      | Noticed a spriggan
    18 | D:1      | Noticed a human
    22 | D:1      | Noticed an ogre
    22 | D:1      | Noticed an octopode
    24 | D:1      | Noticed a vine stalker
    24 | D:1      | Noticed a centaur
    26 | D:1      | Noticed a felid
   216 | D:1      | Reached XP level 2. HP: 17/19 MP: 3/5
   245 | D:1      | Reached skill level 5 in Stealth
   268 | D:1      | Learned a level 2 spell: Ensorcelled Hibernation
   726 | D:1      | Mangled by a gnoll

Skill      XL: |  1  2 |
---------------+-------+-----
Stealth        | 5 |  5.0
Short Blades   | 2 |  2.0
Dodging        | |  2.1
Spellcasting   | |  2.0
Hexes          | |  4.4

Action                   || total
-------------------------++-------
Melee: Dagger            ||    41
       Bite              ||     1
 Cast: Corona            ||     4
  Use: Scroll            ||     6
 Stab: Sleeping          ||     5
  Eat: Corpse            ||     3
Armor: Robe              ||     8
Dodge: Dodged            ||    20
